[Event "Titled Tuesday Blitz December 20 Early 2022"]
[White "googlegoom"]
[Black "Chessmissile07"]
[WhiteElo "2581"]
[BlackElo "2730"]
[Result "1-0"]
[Round "02"]
[TimeControl "180+2"]
[Date "2022.12.20"]
[WhiteClock "0:00:10"]
[BlackClock "0:00:16"]

1. Nf3 g6 2. d4 Bg7 3. b3 d6 4. Bb2 b6 5. e3 Bb7 6. Be2 Nd7 7. O-O e6 8. c4 Ne7 9. Nbd2 O-O 10. Qc2 c5 11. Rfd1 Qc7 12. Rac1 Rad8 13. Qb1 Qb8 14. Qa1 Qa8 15. Nb1 cxd4 16. Bxd4 Bxd4 17. Qxd4 Nf5 18. Qb2 Nc5 19. Nc3 Rd7 20. Rd2 Rfd8 21. Rcd1 h5 22. Ne1 h4 23. h3 a5 24. Bf3 Bc6 25. Bxc6 Qxc6 26. Nf3 Ne4 27. Nxe4 Qxe4 28. Nd4 Ne7 29. Nb5 d5 30. Qf6 Nc6 31. cxd5 Rxd5 32. Nc3 Rxd2 33. Rxd2 Qf5 34. Rxd8+ Nxd8 35. Qxd8+ Kg7 36. Qd4+ e5 37. Qe4 Qf6 38. Nd5 Qd6 39. Qf3 f5 40. e4 f4 41. Qg4 Qd8 42. Qe6 f3 43. Qe7+ Qxe7 44. Nxe7 fxg2 45. Nd5 b5 46. a4 bxa4 47. bxa4 Kh6 48. Kxg2 Kg5 49. Kf3 Kh5 50. Nb6 Kg5 51. Nc4 Kf6 52. Nxa5 Kg5 53. Nc4 Kh5 54. a5 g5 55. a6 Kg6 56. a7 Kh6 57. a8=Q Kh5 58. Nxe5 g4+ 59. Nxg4 Kg5 60. Qa5+ Kg6 61. Qf5+ Kg7 62. Qf6+ Kh7 63. Qxh4+ Kg6 64. Qf6+ Kh5 65. Qh6# 1-0


[Site "https://www.chess.com"]

[Event "Titled Tuesday Blitz December 20 Early 2022"]
[White "guillembaches"]
[Black "Lim, Seng Hoo"]
[BlackFideId "5800021"]
[WhiteElo "2464"]
[BlackElo "2440"]
[Result "1-0"]
[Round "02"]
[TimeControl "180+2"]
[Date "2022.12.20"]
[WhiteClock "0:01:15"]
[BlackClock "0:01:12"]

1. e4 c5 2. Nf3 d6 3. d4 cxd4 4. Nxd4 a6 5. c4 Nf6 6. Nc3 e6 7. Be2 Be7 8. O-O O-O 9. Be3 b6 10. a4 Bb7 11. f3 Nbd7 12. a5 bxa5 13. Nb3 Rc8 14. Nxa5 Ba8 15. Qd2 Qc7 16. Rfc1 Rfd8 17. Bf1 Nc5 18. b4 Nb7 19. Na4 Nxa5 20. bxa5 Nd7 21. Nb6 Rb8 22. Rab1 Bc6 23. Nxd7 Qxd7 24. Bb6 Rdc8 25. c5 dxc5 26. Qxd7 Bxd7 27. Bxa6 Re8 28. Bc4 g6 29. a6 Bd6 30. Rd1 Rxb6 31. Rxb6 Bc7 32. Rb7 Ba4 33. Ra1 Be5 34. Rxa4 Bd4+ 35. Kf1 1-0


[Site "https://www.chess.com"]

[Event "Titled Tuesday Blitz December 20 Early 2022"]
[White "harperchesstt"]
[Black "pheonixking2000"]
[WhiteElo "2366"]
[BlackElo "2806"]
[Result "0-1"]
[Round "02"]
[TimeControl "180+2"]
[Date "2022.12.20"]
[WhiteClock "0:00:02"]
[BlackClock "0:00:10"]

1. e4 c6 2. d4 d5 3. exd5 cxd5 4. c4 Nf6 5. Nc3 g6 6. Nf3 Bg7 7. c5 O-O 8. b4 Bg4 9. Be2 Ne4 10. Bb2 Nc6 11. b5 Bxf3 12. bxc6 Bxe2 13. Qxe2 Nxc3 14. Bxc3 bxc6 15. O-O e6 16. Rfe1 Qc7 17. g3 Rab8 18. f4 Rb5 19. Qc2 Rfb8 20. Reb1 Qb7 21. Rxb5 Qxb5 22. Qd2 Qc4 23. Rc1 h5 24. Ba1 Qa4 25. Bc3 Qa3 26. Rc2 Rb1+ 27. Kg2 Qa4 28. Rb2 Rd1 29. Rb8+ Kh7 30. Qe2 Bxd4 31. Be1 Bxc5 32. g4 Qxf4 33. gxh5 Rxe1 34. hxg6+ Kg7 35. Qb2+ Bd4 36. Qb4 Qg4# 0-1


[Site "https://www.chess.com"]

[Event "Titled Tuesday Blitz December 20 Early 2022"]
[White "icychess54"]
[Black "ProfessorChess101"]
[WhiteElo "2186"]
[BlackElo "2662"]
[Result "0-1"]
[Round "02"]
[TimeControl "180+2"]
[Date "2022.12.20"]
[WhiteClock "0:00:07"]
[BlackClock "0:00:05"]

1. c4 e5 2. Nc3 Nc6 3. Nf3 f5 4. e3 Nf6 5. b3 Bb4 6. Bb2 Bxc3 7. Bxc3 d6 8. d4 e4 9. d5 Ne7 10. Bxf6 gxf6 11. Nd4 c5 12. dxc6 bxc6 13. Qh5+ Ng6 14. Nxc6 Qb6 15. Nd4 Qa5+ 16. Kd1 Bd7 17. g3 O-O-O 18. Bh3 Qc3 19. Rc1 Qb2 20. Qe2 Qa3 21. Bxf5 Bxf5 22. Nxf5 Ne5 23. Ne7+ Kb8 24. Nd5 Nd3 25. Rc2 h5 26. f3 Nc5 27. b4 exf3 28. Qxf3 Na4 29. Qe2 h4 30. g4 Nb6 31. Nxb6 axb6 32. b5 d5 33. c5 d4 34. exd4 Rxd4+ 35. Rd2 Qa4+ 36. Ke1 Re4 37. Kf2 Rxe2+ 38. Rxe2 Qf4+ 39. Ke1 Qc1+ 40. Kf2 Qxh1 41. c6 Qxh2+ 42. Kf3 Qg3+ 43. Ke4 Re8+ 44. Kf5 Qf3+ 45. Kg6 Qxg4+ 0-1


[Site "https://www.chess.com"]

[Event "Titled Tuesday Blitz December 20 Early 2022"]
[White "jaldjald"]
[Black "CaptainCasanova"]
[WhiteElo "2386"]
[BlackElo "2584"]
[Result "1-0"]
[Round "02"]
[TimeControl "180+2"]
[Date "2022.12.20"]
[WhiteClock "0:01:07"]
[BlackClock "0:01:57"]

1. e4 g6 2. d4 Bg7 3. Nf3 d6 4. Nc3 a6 5. a4 Nd7 6. Be3 Ngf6 7. h3 e5 8. dxe5 dxe5 9. a5 Qe7 10. Bc4 Qb4 11. Bb3 Nc5 12. Bxc5 Qxc5 13. Ng5 O-O 14. O-O h6 15. Nxf7 Rxf7 16. Qd8+ Bf8 17. Qxf6 Qe7 18. Qxg6+ Bg7 19. Rad1 1-0


[Site "https://www.chess.com"]

[Event "Titled Tuesday Blitz December 20 Early 2022"]
[White "kidagent"]
[Black "MartinMatthiesen"]
[WhiteElo "2292"]
[BlackElo "2497"]
[Result "0-1"]
[Round "02"]
[TimeControl "180+2"]
[Date "2022.12.20"]
[WhiteClock "0:00:02"]
[BlackClock "0:00:53"]

1. e4 e5 2. Nf3 Nc6 3. Bb5 a6 4. Ba4 Nf6 5. O-O Be7 6. Re1 b5 7. Bb3 O-O 8. a4 b4 9. d3 d6 10. h3 Na5 11. Ba2 Be6 12. Bxe6 fxe6 13. c3 Rb8 14. Nbd2 c5 15. d4 bxc3 16. bxc3 exd4 17. cxd4 c4 18. e5 dxe5 19. dxe5 Nd5 20. Ne4 Bb4 21. Bd2 c3 22. Bg5 Qc7 23. Qc2 Rxf3 24. gxf3 Qxe5 25. Bh4 Qf5 26. Bg3 Rf8 27. Kh2 Nf4 28. Bxf4 Qxf4+ 29. Kg1 Qxf3 30. Re3 Qf5 31. Rd1 Nc4 32. Rg3 Nd2 33. Re1 Nf3+ 34. Rxf3 Qxf3 35. Ng5 Qf5 36. Qxf5 exf5 37. Rc1 Rd8 38. Kg2 Rd2 39. Nf3 Ra2 40. Ne5 c2 41. Nc6 Ba3 0-1


[Site "https://www.chess.com"]

[Event "Titled Tuesday Blitz December 20 Early 2022"]
[White "lemayvega"]
[Black "Ball, John D L"]
[BlackFideId "402150"]
[WhiteElo "2529"]
[BlackElo "2230"]
[Result "0-1"]
[Round "02"]
[TimeControl "180+2"]
[Date "2022.12.20"]
[WhiteClock "0:00:05"]
[BlackClock "0:00:08"]

1. e4 c5 2. Nf3 g6 3. c3 Bg7 4. d4 cxd4 5. cxd4 Nf6 6. e5 Nd5 7. Nc3 Nxc3 8. bxc3 O-O 9. h3 d6 10. exd6 Qxd6 11. a4 Nc6 12. Bc4 Be6 13. Bxe6 Qxe6+ 14. Qe2 Qb3 15. Qb2 Qc4 16. Bd2 e5 17. Qb5 Qe6 18. d5 a6 19. Qc5 Qe7 20. Be3 e4 21. dxc6 Qxc5 22. Bxc5 Bxc3+ 23. Ke2 exf3+ 24. Kxf3 Bxa1 25. cxb7 Rab8 26. Bxf8 Kxf8 27. Rxa1 Rxb7 28. Ra3 Rb4 29. g3 a5 30. h4 h5 31. Ke3 Ke7 32. Kf3 Kf6 33. Ke3 Kf5 34. Kf3 f6 35. Ra2 g5 36. hxg5 fxg5 37. Kg2 Kg4 38. Ra3 h4 39. gxh4 gxh4 40. Kh2 Rf4 41. Kg2 Kg5 42. Ra2 Rb4 43. Ra3 Kg4 44. Kh2 Rc4 45. Kg2 Rd4 46. Kh2 Rb4 47. Kg2 Rf4 48. Ra2 Kf5 49. Ra3 Ke5 50. Re3+ Kd5 51. Ra3 Kc5 52. Kh3 Kb4 53. Ra2 Kb3 54. Ra1 Rxf2 55. Kxh4 Rf4+ 56. Kg3 Rxa4 57. Rb1+ Kc2 58. Rb5 Ra3+ 59. Kf2 a4 60. Ke2 Rc3 61. Ra5 a3 62. Ke1 Re3+ 63. Kf2 Rb3 64. Ke2 Kb2 65. Kd2 a2 66. Ra8 a1=Q 0-1


[Site "https://www.chess.com"]

[Event "Titled Tuesday Blitz December 20 Early 2022"]
[White "maurovargas01"]
[Black "Kukku, Ramesh"]
[BlackFideId "25695606"]
[WhiteElo "1920"]
[BlackElo "1575"]
[Result "0-1"]
[Round "02"]
[TimeControl "180+2"]
[Date "2022.12.20"]
[WhiteClock "0:01:13"]
[BlackClock "0:00:58"]

1. e4 Nc6 2. Nc3 e5 3. f4 Bc5 4. Nf3 d6 5. Na4 Bg4 6. Nxc5 dxc5 7. d3 Nd4 8. Be2 Bxf3 9. Bxf3 Ne7 10. O-O Nxf3+ 11. Qxf3 exf4 12. Bxf4 O-O 13. h4 f5 14. h5 fxe4 15. dxe4 Qd4+ 16. Kh1 Qxb2 17. c3 Qb6 18. Rab1 Qc6 19. Qg3 Rf7 20. Bxc7 Qxe4 21. Rxf7 Qxb1+ 22. Kh2 Kxf7 23. Be5 Nf5 24. Qf3 Re8 25. Qd5+ Re6 26. Qd7+ Ne7 27. Bg3 Qf5 28. Qxb7 Qxh5+ 29. Kg1 Qd1+ 30. Kf2 Qe1+ 31. Kf3 Qe3+ 32. Kg4 Rg6+ 33. Kh3 Qxg3# 0-1


[Site "https://www.chess.com"]

[Event "Titled Tuesday Blitz December 20 Early 2022"]
[White "milovichalex"]
[Black "Sargsyan, Sargis Vach."]
[BlackFideId "13310810"]
[WhiteElo "2303"]
[BlackElo "2314"]
[Result "0-1"]
[Round "02"]
[TimeControl "180+2"]
[Date "2022.12.20"]
[WhiteClock "0:00:04"]
[BlackClock "0:00:14"]

1. e4 e6 2. d4 d5 3. exd5 exd5 4. Nf3 Bd6 5. Bd3 Ne7 6. O-O Nbc6 7. c3 Bg4 8. h3 Bh5 9. Re1 Qd7 10. Nbd2 O-O-O 11. Bb5 a6 12. Be2 f6 13. b4 Kb8 14. Rb1 Bg6 15. Rb2 Na7 16. a4 Rhe8 17. b5 a5 18. b6 cxb6 19. Rxb6 Nec8 20. Rb2 Re7 21. Nh4 Rde8 22. Nxg6 hxg6 23. Nb3 Qxa4 24. Be3 f5 25. g3 Nb5 26. Nxa5 Qxd1 27. Bxd1 Nxc3 28. Bf3 Rc7 29. Ra1 Na7 30. Bd2 Nab5 31. Bxc3 Nxc3 32. Rb3 Ne2+ 33. Bxe2 Rxe2 34. Rab1 Kc8 35. Nxb7 Be7 36. Na5 Rcc2 37. Rb8+ Kd7 38. R1b7+ Ke6 39. Re8 Kf7 40. Rc8 Rxc8 41. Rd7 Rc1+ 42. Kg2 Rcc2 43. Kf3 Rxf2+ 44. Ke3 Rfe2+ 45. Kd3 Red2+ 46. Ke3 Ke6 47. Rc7 Bg5+ 48. Kf3 Rd3# 0-1


[Site "https://www.chess.com"]

[Event "Titled Tuesday Blitz December 20 Early 2022"]
[White "pedromartinez91"]
[Black "Azoulas, Mark"]
[BlackFideId "2033208"]
[WhiteElo "2488"]
[BlackElo "2326"]
[Result "1-0"]
[Round "02"]
[TimeControl "180+2"]
[Date "2022.12.20"]
[WhiteClock "0:00:05"]
[BlackClock "0:00:02"]

1. d4 Nf6 2. Bf4 d5 3. e3 c5 4. c3 Nc6 5. Nd2 cxd4 6. exd4 Qb6 7. Qb3 Bf5 8. Qxb6 axb6 9. Ngf3 e6 10. Nh4 Bg6 11. Nxg6 hxg6 12. h4 Be7 13. g3 Nd7 14. Nf3 f6 15. Bh3 g5 16. hxg5 e5 17. dxe5 fxe5 18. Be3 e4 19. Nd4 Nde5 20. Ke2 Nd3 21. Be6 Rxh1 22. Rxh1 Rxa2 23. Rh8+ Bf8 24. Nf5 Rxb2+ 25. Kf1 Nce5 26. Bxd5 Rb1+ 27. Kg2 Ne1+ 28. Kh3 N1f3 29. Nxg7+ Kd7 30. g4 Rh1+ 31. Kg3 Rg1+ 32. Kf4 Ng6+ 33. Kf5 Nxh8 34. Ne6 Kd6 35. Bxe4 Nh4+ 36. Kf6 Be7+ 37. Kg7 Kxe6 38. Kxh8 Rxg4 39. Bxb7 Bxg5 40. Bc8+ Ke5 41. Bxb6 Rg2 42. Bd4+ Ke4 43. Bb7+ Kd3 44. Bxg2 Nf5 45. Be5 Kc4 46. f4 Be7 47. Bf1+ Kc5 48. Kg8 Bd6 49. Kf7 Bxe5 50. fxe5 Kd5 51. e6 Nd6+ 52. Ke7 Nf5+ 53. Kd7 Ke5 54. Bh3 Ng7 55. e7 Kd5 56. Bg4 Kc4 57. Kd6 Kxc3 58. Ke5 Kc4 59. Kf6 Ne8+ 60. Kf7 Nd6+ 61. Ke6 Kc5 62. Bf3 Ne8 63. Bh5 Nd6 64. Bg6 Kc6 65. Bd3 Kc7 66. Ba6 Ne8 67. Bb5 Nd6 68. Ba4 Nb7 69. e8=Q Nc5+ 70. Kd5 1-0


[Site "https://www.chess.com"]

[Event "Titled Tuesday Blitz December 20 Early 2022"]
[White "profofchess"]
[Black "Nithisker, P"]
[BlackFideId "33434786"]
[WhiteElo "2442"]
[BlackElo "2346"]
[Result "0-1"]
[Round "02"]
[TimeControl "180+2"]
[Date "2022.12.20"]
[WhiteClock "0:00:02"]
[BlackClock "0:00:09"]

1. e4 e5 2. Bc4 Nf6 3. d3 Nc6 4. Nc3 Be7 5. f4 d6 6. Nf3 Bg4 7. h3 Bxf3 8. Qxf3 Nd4 9. Qf2 c6 10. Be3 b5 11. Bb3 Nxb3 12. axb3 a6 13. O-O Qc7 14. Bb6 Qb8 15. fxe5 dxe5 16. Bc5 Qc7 17. Ne2 O-O 18. Kh1 Bxc5 19. Qxc5 Nd7 20. Qe7 Rae8 21. Qh4 Nc5 22. b4 Ne6 23. Rxa6 Qd6 24. Rf3 Qxb4 25. Rxc6 Qxb2 26. Kh2 Rc8 27. Rxc8 Rxc8 28. Qe7 Rf8 29. Ng3 Qxc2 30. Nh5 Qc5 31. Qh4 b4 32. Rg3 Kh8 33. Nf6 h6 34. Ng4 Kh7 35. Qh5 Nf4 36. Qf5+ Kh8 37. Nxh6 Qe7 0-1


[Site "https://www.chess.com"]

[Event "Titled Tuesday Blitz December 20 Early 2022"]
[White "rasmussvane"]
[Black "Alex_Sahakyan2006"]
[WhiteElo "2949"]
[BlackElo "2611"]
[Result "1-0"]
[Round "02"]
[TimeControl "180+2"]
[Date "2022.12.20"]
[WhiteClock "0:01:05"]
[BlackClock "0:01:39"]

1. Nf3 g6 2. e4 Bg7 3. d4 d6 4. Bd3 Bg4 5. c3 Nd7 6. Be3 e5 7. Nbd2 Ngf6 8. h3 Bxf3 9. Nxf3 Nh5 10. O-O O-O 11. Qb3 Rb8 12. Rad1 Qe7 13. Rfe1 Nf4 14. Bf1 Kh8 15. g3 Nh5 16. dxe5 Nxe5 17. Nxe5 Qxe5 18. Bxa7 Rbe8 19. Bd4 Qg5 20. Bg2 f5 21. Bxg7+ Nxg7 22. exf5 Rxe1+ 23. Rxe1 Qxf5 24. Re2 b6 25. Qd5 Qb1+ 26. Kh2 h5 27. Qd4 Rf7 28. Bd5 Rd7 29. Re8+ Kh7 30. Bg8+ Kh6 31. Qf4+ g5 32. Qf8 Qf5 33. Re6+ 1-0


[Site "https://www.chess.com"]

[Event "Titled Tuesday Blitz December 20 Early 2022"]
[White "romulocardoso"]
[Black "Mischuk, Dmitry"]
[BlackFideId "14118734"]
[WhiteElo "2390"]
[BlackElo "2298"]
[Result "1/2-1/2"]
[Round "02"]
[TimeControl "180+2"]
[Date "2022.12.20"]
[WhiteClock "0:01:45"]
[BlackClock "0:02:01"]

1. e4 c5 2. Nf3 d6 3. d4 cxd4 4. Nxd4 Nf6 5. Nc3 g6 6. Be3 Bg7 7. Bc4 O-O 8. f3 Nc6 9. Qd2 Nxd4 10. Bxd4 Be6 11. Bxe6 fxe6 12. O-O-O Qa5 13. Kb1 Nd7 14. Bxg7 Kxg7 15. h4 Rac8 16. h5 gxh5 17. g4 Rxc3 18. Rxh5 Rc5 19. Qxa5 Rxa5 20. Rxa5 Rxf3 21. Rxa7 Nc5 22. e5 dxe5 23. b4 Ne4 24. Rxb7 Nc3+ 25. Kc1 Nxd1 26. Kxd1 Kf6 27. a4 Ra3 28. a5 e4 29. Rb5 e5 30. Ke2 Rc3 31. Kd2 Ra3 32. Ke2 Rc3 33. Kd2 Ra3 34. Ke2 1/2-1/2


[Site "https://www.chess.com"]

[Event "Titled Tuesday Blitz December 20 Early 2022"]
[White "severomorskij"]
[Black "Vsevolod_Ovchinnikov"]
[WhiteElo "2844"]
[BlackElo "2557"]
[Result "1-0"]
[Round "02"]
[TimeControl "180+2"]
[Date "2022.12.20"]
[WhiteClock "0:00:10"]
[BlackClock "0:00:01"]

1. d4 Nf6 2. Bg5 d6 3. Bxf6 exf6 4. c4 f5 5. Nc3 g6 6. g3 Bg7 7. Bg2 c6 8. e3 O-O 9. Nge2 Re8 10. O-O Na6 11. Rb1 Nc7 12. b4 a6 13. Qd3 Bd7 14. Rfd1 Qf6 15. d5 Bf8 16. dxc6 Bxc6 17. Nd5 Bxd5 18. Bxd5 Nxd5 19. Qxd5 Qe7 20. Nf4 Rec8 21. Qd3 Qd8 22. a4 Rc6 23. a5 Rac8 24. Rbc1 b6 25. axb6 Rxb6 26. Nd5 Rbc6 27. Kg2 Bg7 28. Rd2 Qd7 29. Ra2 Qb7 30. Kg1 h6 31. Rcc2 Kh7 32. h4 h5 33. Kh2 Be5 34. Ra5 Bg7 35. Rca2 Rxc4 36. Rxa6 Qb5 37. Kg2 R8c6 38. R6a5 Qb8 39. b5 R6c5 40. b6 Qb7 41. Rxc5 Rxc5 42. Rd2 Be5 43. Kh2 Bg7 44. Qb3 Be5 45. Rd1 Bg7 46. Nf4 Rc6 47. Rb1 Be5 48. Qd5 1-0


[Site "https://www.chess.com"]

[Event "Titled Tuesday Blitz December 20 Early 2022"]
[White "soumeowstreaming"]
[Black "Elbek_Jumanov"]
[WhiteElo "2155"]
[BlackElo "2435"]
[Result "0-1"]
[Round "02"]
[TimeControl "180+2"]
[Date "2022.12.20"]
[WhiteClock "0:00:01"]
[BlackClock "0:00:29"]

1. e4 c5 2. Nf3 e6 3. d4 cxd4 4. Nxd4 Nf6 5. Bd3 Nc6 6. Be3 d5 7. Nxc6 bxc6 8. e5 Nd7 9. f4 a5 10. c4 Bc5 11. Qf3 Qb6 12. Bxc5 Nxc5 13. b3 Qb4+ 14. Nd2 Qc3 15. Ke2 Ba6 16. Rac1 Qb4 17. Bb1 Rd8 18. Qc3 Qxc3 19. Rxc3 d4 20. Rg3 g6 21. Rc1 Ke7 22. Ne4 Nxe4 23. Bxe4 c5 24. Rd3 Rb8 25. g4 h5 26. g5 Rb6 27. Kf3 Rhb8 28. Rd2 Rb4 29. Bd3 a4 30. Bc2 axb3 31. axb3 Bb7+ 32. Kf2 Ra8 0-1


[Site "https://www.chess.com"]

[Event "Titled Tuesday Blitz December 20 Early 2022"]
[White "stolencandy13"]
[Black "MusicCityMaster"]
[WhiteElo "2599"]
[BlackElo "2329"]
[Result "1-0"]
[Round "02"]
[TimeControl "180+2"]
[Date "2022.12.20"]
[WhiteClock "0:00:11"]
[BlackClock "0:00:06"]

1. d4 Nf6 2. Bf4 c5 3. c3 e6 4. e3 d5 5. Nd2 Bd6 6. Bxd6 Qxd6 7. f4 O-O 8. Ngf3 b6 9. Ne5 Ba6 10. Bxa6 Nxa6 11. O-O Nb8 12. a4 Nc6 13. a5 Nd7 14. Qa4 Rac8 15. axb6 axb6 16. Ndf3 f6 17. Nxd7 Qxd7 18. Qb5 Rb8 19. Ra6 Rfc8 20. Rxb6 Rxb6 21. Qxb6 c4 22. f5 exf5 23. Rf2 Qe6 24. h3 h6 25. Nh4 f4 26. exf4 Qe1+ 27. Rf1 Qxh4 28. Qb7 Rb8 29. Qxc6 Rxb2 30. Qxd5+ Kh8 31. Qxc4 Qg3 32. Qc8+ Kh7 33. Qf5+ Kh8 34. Qe4 f5 35. Qf3 Qg6 36. d5 Qd6 37. Qd3 Qc5+ 38. Kh1 Rb3 39. Qxf5 Rxc3 40. Qe4 Qd6 41. Qe5 Qa6 42. Re1 Qd3 43. d6 Rc2 44. Qe8+ Kh7 45. Qe4+ Qxe4 46. Rxe4 Rd2 47. Re6 Kg8 48. f5 Kf7 49. Kh2 Rd5 50. g4 Rd3 51. Kg2 h5 52. Kh2 hxg4 53. hxg4 Kf8 54. Kg2 Kf7 55. Re7+ Kf6 56. Rd7 Rd4 57. Kf3 Rd3+ 58. Kf4 Rd4+ 59. Kf3 Rd5 60. Ke4 Rd1 61. Rd8 Re1+ 62. Kf3 Rd1 63. Ke2 Rd4 64. Kf3 Rd5 65. d7 Ke7 66. Rg8 Kxd7 67. Rxg7+ Ke8 68. Ra7 Rd4 69. Kg3 Kf8 70. Kh4 Rc4 71. Kg5 Rd4 72. Kf6 Rd6+ 73. Ke5 Rd1 74. g5 Re1+ 75. Kf6 Ke8 76. Ra8+ Kd7 77. g6 Rg1 78. g7 Kd6 79. g8=Q Rxg8 80. Rxg8 Kd5 81. Re8 Kd4 82. Ke6 Ke4 83. f6 Kf4 84. f7 Ke4 85. f8=Q Kd4 86. Kf7 Kd5 87. Qe7 Kd4 88. Rd8+ Kc4 89. Qc7+ Kb5 90. Rb8+ Ka6 91. Qb6# 1-0


[Site "https://www.chess.com"]

[Event "Titled Tuesday Blitz December 20 Early 2022"]
[White "stollenmonster"]
[Black "Dreux, Vincent"]
[BlackFideId "658960"]
[WhiteElo "2932"]
[BlackElo "1937"]
[Result "1-0"]
[Round "02"]
[TimeControl "180+2"]
[Date "2022.12.20"]
[WhiteClock "0:00:16"]
[BlackClock "0:00:01"]

1. e4 c5 2. Nf3 d6 3. d4 cxd4 4. Nxd4 Nf6 5. Nc3 a6 6. a4 e5 7. Nde2 Be6 8. g3 Be7 9. Bg2 Nbd7 10. h3 h5 11. O-O Rc8 12. Be3 Nb6 13. b3 d5 14. Bxb6 Qxb6 15. Nxd5 Nxd5 16. exd5 Bd7 17. a5 Qd6 18. c4 f5 19. f4 e4 20. Nd4 h4 21. g4 g6 22. Kh1 Bf6 23. Qd2 O-O 24. Rad1 Rce8 25. Qe3 Kh7 26. g5 Bg7 27. Nc2 Rc8 28. Qf2 Kg8 29. Qxh4 Kf7 30. Qf2 Qc7 31. Qd2 Qd6 32. Nd4 Rh8 33. Ne2 Rc5 34. Rc1 Qc7 35. Ra1 Bxa1 36. Rxa1 Qd6 37. Rc1 Re8 38. b4 Rcc8 39. c5 Qe7 40. d6 Qe6 41. Qe3 Bb5 42. Nd4 Qd5 43. Nxb5 axb5 44. Bf1 Red8 45. Re1 Kg7 46. Bxb5 Rxd6 47. cxd6 Qxb5 48. Qd4+ Kh7 49. d7 Rd8 50. Rd1 e3 51. Qxe3 Rxd7 52. Rxd7+ Qxd7 53. Kh2 Qc7 54. Qd4 Qc2+ 55. Kg3 Qc7 56. Qc5 Qd7 57. Qe3 Qc7 58. Qd3 Qe7 59. Qd2 Qc7 60. b5 Qe7 61. Qc3 Qd7 62. b6 Qe7 63. Qc7 1-0


[Site "https://www.chess.com"]

[Event "Titled Tuesday Blitz December 20 Early 2022"]
[White "tylityli"]
[Black "Prasad, M.V.S"]
[BlackFideId "5018790"]
[WhiteElo "2334"]
[BlackElo "1945"]
[Result "0-1"]
[Round "02"]
[TimeControl "180+2"]
[Date "2022.12.20"]
[WhiteClock "0:00:03"]
[BlackClock "0:00:03"]

1. d4 Nf6 2. c4 e6 3. Nc3 b6 4. a3 Bb7 5. d5 d6 6. e4 Nbd7 7. Nf3 e5 8. b4 g6 9. Bd3 Bg7 10. O-O O-O 11. Qc2 h6 12. Be3 Nh5 13. g3 Ndf6 14. h3 Bc8 15. Kh2 Qd7 16. Ng1 Nh7 17. c5 f5 18. exf5 gxf5 19. g4 e4 20. Bb5 Be5+ 21. Kh1 Qg7 22. gxh5 Bxc3 23. Ne2 Bxa1 24. Rg1 Ng5 25. h4 Qf7 26. Rxa1 Qxh5 27. Nf4 Qxh4+ 28. Kg2 Qg4+ 29. Kf1 Nf3 30. Rd1 bxc5 31. bxc5 Rb8 32. a4 a6 33. Bc4 Qg7 34. Ke2 Rb2 35. Rc1 Qc3 36. Bb3 Qxb3 0-1


[Site "https://www.chess.com"]

[Event "Titled Tuesday Blitz December 20 Early 2022"]
[White "von Klitzing, Ole"]
[Black "Salomez, Maxime"]
[WhiteFideId "34618821"]
[BlackFideId "652079600"]
[WhiteElo "1564"]
[BlackElo "1359"]
[Result "1-0"]
[Round "02"]
[TimeControl "180+2"]
[Date "2022.12.20"]
[WhiteClock "0:00:40"]
[BlackClock "0:00:01"]

1. Nf3 Nf6 2. g3 g6 3. Bg2 Bg7 4. O-O O-O 5. c4 d6 6. d4 Nc6 7. Nc3 e5 8. dxe5 dxe5 9. Bg5 h6 10. Qxd8 Rxd8 11. Bxf6 Bxf6 12. Nd5 Bg7 13. Nxc7 Rb8 14. e4 Bg4 15. Nd5 Bxf3 16. Bxf3 Nd4 17. Bg2 b5 18. c5 Bf8 19. b4 f5 20. Rfd1 Kf7 21. Kf1 Ke6 22. Nc7+ Kf7 23. Rac1 Rbc8 24. Nd5 Ke6 25. Ne3 Be7 26. exf5+ gxf5 27. h4 Rc7 28. Rd3 e4 29. Rd2 Bf6 30. Bh3 a5 31. a3 axb4 32. axb4 Ra8 33. Rcd1 Nb3 34. Rd6+ Kf7 35. Rxf6+ Kxf6 36. Nd5+ Ke5 37. Nxc7 Rb8 38. Rd5+ Kf6 39. Rxf5+ 1-0


[Site "https://www.chess.com"]

[Event "Titled Tuesday Blitz December 20 Early 2022"]
[White "vovachesss"]
[Black "cancrushyou"]
[WhiteElo "2756"]
[BlackElo "2530"]
[Result "0-1"]
[Round "02"]
[TimeControl "180+2"]
[Date "2022.12.20"]
[WhiteClock "0:00:01"]
[BlackClock "0:00:13"]

1. e4 c5 2. c3 e6 3. d4 d5 4. exd5 exd5 5. Bb5+ Nc6 6. Nf3 Nf6 7. O-O Be7 8. dxc5 Bxc5 9. Re1+ Be6 10. Nbd2 O-O 11. Nb3 Bb6 12. Be3 Bc7 13. Nbd4 Bd7 14. Bg5 h6 15. Bh4 g5 16. Bg3 Bxg3 17. hxg3 Ne4 18. Ba4 Qf6 19. Bc2 Rfe8 20. Nxc6 Bxc6 21. Qd4 Qxd4 22. Nxd4 Nd6 23. Bd3 Kf8 24. f3 Rxe1+ 25. Rxe1 Re8 26. Rxe8+ Kxe8 27. Kf2 Bd7 28. Ke3 Ke7 29. b3 Kf6 30. Nc2 Ke5 31. f4+ Kf6 32. Kd4 Bb5 33. Ne3 Bxd3 34. Kxd3 Ke6 35. a4 Nf5 36. Nf1 gxf4 37. gxf4 h5 38. b4 Nh4 39. g3 Nf5 40. Ke2 a6 41. Kf3 b5 42. axb5 axb5 43. Ne3 Nd6 44. Nc2 Nf5 45. Nd4+ Nxd4+ 0-1


[Site "https://www.chess.com"]

[Event "Titled Tuesday Blitz December 20 Early 2022"]
[White "wonderfultime"]
[Black "manitodeplomo"]
[WhiteElo "3066"]
[BlackElo "2639"]
[Result "1-0"]
[Round "02"]
[TimeControl "180+2"]
[Date "2022.12.20"]
[WhiteClock "0:00:15"]
[BlackClock "0:00:01"]

1. d4 Nf6 2. Nf3 e6 3. Bf4 c5 4. c3 Be7 5. e3 O-O 6. Nbd2 b6 7. Bd3 Ba6 8. Bxa6 Nxa6 9. O-O Qc8 10. Qe2 Nb8 11. e4 Qa6 12. Qe3 cxd4 13. cxd4 Nc6 14. a3 Rfc8 15. b4 Qa4 16. Qd3 d5 17. e5 Nd7 18. Bg5 Bf8 19. h4 a5 20. b5 Na7 21. Rfb1 Rc7 22. Be3 Rac8 23. Ng5 Qc2 24. Qf1 h6 25. Ngf3 a4 26. g4 Rc3 27. h5 Bxa3 28. Ne1 Qh7 29. Qe2 f6 30. exf6 gxf6 31. Bf4 Kf7 32. Ndf3 Qe4 33. Qxe4 dxe4 34. Nh2 e5 35. dxe5 Nxe5 36. Bxh6 R8c5 37. Bd2 Rxb5 38. Bxc3 1-0


[Site "https://www.chess.com"]

[Event "Titled Tuesday Blitz December 20 Early 2022"]
[White "APOKALIPSA13"]
[Black "Sovetov, Oleksandr"]
[BlackFideId "34105786"]
[WhiteElo "2220"]
[BlackElo "1976"]
[Result "0-1"]
[Round "03"]
[TimeControl "180+2"]
[Date "2022.12.20"]
[WhiteClock "0:00:03"]
[BlackClock "0:00:54"]

1. e4 c5 2. Nc3 e6 3. Nf3 Nc6 4. d4 cxd4 5. Nxd4 Nf6 6. Nxc6 bxc6 7. e5 Nd5 8. Nxd5 cxd5 9. c3 d6 10. Bf4 dxe5 11. Bxe5 f6 12. Bg3 Bc5 13. Qa4+ Bd7 14. Bb5 a6 15. Bxd7+ Qxd7 16. Qxd7+ Kxd7 17. O-O Bd6 18. Bxd6 Kxd6 19. Rad1 Rhc8 20. Rd2 a5 21. Re1 a4 22. a3 Rab8 23. Rde2 e5 24. Rd2 Rb5 25. Red1 Ke6 26. Re1 Rcb8 27. Ree2 g5 28. f3 h5 29. Kf2 g4 30. f4 h4 31. fxe5 fxe5 32. h3 Rf8+ 33. Kg1 g3 34. Rd1 Rbb8 35. Rde1 Rf5 36. Rf1 Rbf8 37. Rxf5 Rxf5 38. Rd2 Rf4 39. Re2 e4 40. Rd2 Ke5 41. Re2 d4 42. cxd4+ Kxd4 43. Rc2 e3 44. Rc1 e2 45. Re1 Ke3 46. Rb1 Kd2 47. b4 axb3 48. a4 Kc2 49. Re1 Kd2 50. Rb1 e1=Q+ 51. Rxe1 Kxe1 52. a5 Rf1# 0-1


[Site "https://www.chess.com"]

[Event "Titled Tuesday Blitz December 20 Early 2022"]
[White "Abasov, Nijat"]
[Black "tdf98pantani"]
[WhiteFideId "13402960"]
[WhiteElo "2634"]
[BlackElo "2734"]
[Result "1-0"]
[Round "03"]
[TimeControl "180+2"]
[Date "2022.12.20"]
[WhiteClock "0:01:28"]
[BlackClock "0:00:28"]

1. d4 Nf6 2. Nf3 e6 3. Bf4 c5 4. e3 Nc6 5. Nc3 a6 6. d5 Nb4 7. e4 exd5 8. exd5 Qa5 9. Qe2+ Kd8 10. Ng5 Be7 11. d6 Nbd5 12. Nxf7+ Ke8 13. Nxh8 Qb4 14. Be5 Ng8 15. dxe7 1-0


[Site "https://www.chess.com"]